AoeStats
← Tunga

Arabia

506504668Analyzed
1v1 RM · 19d ago on Sep 13, 2026· 14m 7s· 2 players
Game mode
Random Map
Map size
Tiny (2 player)
Population
200
Speed
Normal
Resources
Standard
Victory
Conquest
Starting age
Dark Age
Ending age
Imperial Age
RankedLock teamsTeams togetherTeam positionsShared explorationLock speedFull tech treeHidden civsTurbo modeCheats
Victory
Defeat
🇫🇷 Goths · France
681
+19
🇹🇷 Hindustanis · Türkiye
741
-19
Tunga
5:07 Loom
10:35 Feudal Age
11:13 Horse Collar
11:29 Double-Bit Axe
13:08 Wheelbarrow
JoDuTartare
10:36 Feudal Age
10:41 Man-at-Arms
12:38 Double-Bit Axe
13:33 Wheelbarrow
Connection lost

Rejoining the realm…

Still unreachable

The connection could not be restored.

Session expired

The server has moved on; the page needs a fresh start.